 Dungeon Crawl Stone Soup version 0.13.1-2-gfb2c2b7 (webtiles) character file.

195 Chiseanne the Charlatan (level 4, -2/37 HPs)
             Began as a Centaur Artificer on Dec 11, 2013.
             Slain by a gnoll
             ... wielding a +0,+0 halberd
              (8 damage)
             ... on Level 2 of the Dungeon.
             The game lasted 00:05:50 (1793 turns).

Chiseanne the Charlatan (Centaur Artificer)         Turns: 1793, Time: 00:05:51

HP  -2/37        AC  9     Str 13      XL: 4   Next: 45%
MP   5/5         EV  0     Int 12      God:
Gold 96          SH  0     Dex 10      Spells:  0 memorised,  3 levels left

Res.Fire  : . . .   See Invis. : .   q - +4,+2 quarterstaff (chaos)
Res.Cold  : . . .   Warding    : .   i - +0 plate armour
Life Prot.: . . .   Conserve   : .   (no shield)
Res.Poison: .       Res.Corr.  : .   (no helmet)
Res.Elec. : .       Clarity    : .   h - +0 elf cloak
Sust.Abil.: . .     Spirit.Shd : .   (no gloves)
Res.Mut.  : .       Stasis     : .   (no barding)
Res.Rott. : .       Flight     : .   (no amulet)
Saprovore : . . .                    (no ring)
                                     (no ring)

@: very quick, slightly resistant to hostile enchantments, extremely unstealthy
A: hooves 3, deformed body, herbivore 1, speed 2, fast metabolism 1, tough skin
3
a: no special abilities


You were on level 2 of the Dungeon.
You were not hungry.

You visited 1 branch of the dungeon, and saw 2 of its levels.

You collected 76 gold pieces.

Inventory:

Hand weapons
 q - a +4,+2 quarterstaff of chaos (weapon)
Missiles
 o - a dart (quivered)
Armour
 h - a +0 elven cloak (worn)
 i - a +0 plate armour (worn)
Magical devices
 b - a wand of flame (15)
 c - a wand of enslavement (15)
 d - a wand of random effects (11)
Comestibles
 f - 2 bread rations
Scrolls
 a - 4 scrolls of identify {unknown}
 j - a scroll of blinking {unknown}
 m - 2 scrolls of magic mapping {unknown}
 n - a scroll of enchant armour {unknown}
 r - a scroll of recharging
Potions
 k - 2 potions of brilliance {unknown}
 p - a potion of confusion {unknown}


   Skills:
 * Level 2.0 Fighting
   Level 0.8 Short Blades
 * Level 0.8 Armour
 - Level 2.2 Dodging
 - Level 0.5 Stealth
 * Level 3.7 Evocations


You had 3 spell levels left.
You didn't know any spells.

Dungeon Overview and Level Annotations

Branches:
Dungeon (2/27)

Altars:


Innate Abilities, Weirdness & Mutations

You have hooves in place of feet.
Armour fits poorly on your strangely shaped body.
You digest meat inefficiently.
You cover ground very quickly.
You have a fast metabolism.
You have extremely tough skin (AC +3).


Message History

A rat comes into view.
Found 10 gold pieces.
A rat is nearby!
You see here 27 arrows.
Your plate armour prevents you from hitting the rat.
Your kick misses the rat. The rat bites you but does no damage.
The rat bites you but does no damage.
You hit the rat.
You kill the rat!
The gnoll shouts!
The gnoll throws a dart.
The dart hits you!
Found a stone staircase leading down.
You see here a rat corpse.
The gnoll hits you from afar with a halberd!
You closely miss the gnoll. The gnoll hits you with a halberd!
* * * LOW HITPOINT WARNING * * *
You hit the gnoll. You burn the gnoll. Your kick misses the gnoll.
The gnoll is moderately wounded.
The gnoll hits you with a halberd!
You die...

...........#####...#
......(............#
...........#####(..#
...........# #%..#
...........#####...#####
.......#...............#
.......#............?..#
.......#............$..#
.......#........@......#
%...............g......#
....................>..#
.##%####..........######
......##..........#
...................
......##..#######..
..)...##..# ..#
......##..# .


You could see a gnoll.

Vanquished Creatures
  Crazy Yiuf (D:2)
  A gnoll (D:2)
  An adder (D:2)
  A giant mite (D:2)
  4 worms
  2 giant geckos
  3 giant cockroaches
  5 goblins
  2 hobgoblins (D:1)
  2 jackals (D:2)
  3 kobolds
  A quokka (D:2)
  3 bats
  3 giant newts
  9 rats
41 creatures vanquished.

Notes
Turn   | Place    | Note
--------------------------------------------------------------
     0 | D:1      | Chiseanne, the Centaur Artificer, began the quest for the Orb.
     0 | D:1      | Reached XP level 1. HP: 17/17 MP: 1/1
   255 | D:1      | Reached skill level 3 in Evocations
   405 | D:1      | Reached XP level 2. HP: 24/24 MP: 3/3
   868 | D:2      | Reached XP level 3. HP: 29/29 MP: 4/4
  1418 | D:2      | Reached XP level 4. HP: 33/36 MP: 5/5
  1566 | D:2      | Noticed Crazy Yiuf
  1579 | D:2      | Killed Crazy Yiuf
  1793 | D:2      | Slain by a gnoll

Action                   |  1- 3 |  4- 6 || total
-------------------------+-------+-------++-------
Melee: Short sword       |    21 |       ||    21
       Mace              |   102 |     7 ||   109
       Quarterstaff      |       |    10 ||    10
Evoke: Wand              |       |     4 ||     4
